 Dungeon Crawl Stone Soup version 0.30-a0-371-gad7725a93e (webtiles) character file.

Game seed: 2116476410317977094

56 purpskrrrp the Shooter (level 3, -5/20 HPs)
             Began as a Deep Elf Hunter on Nov 22, 2022.
             Slain by a scorpion (7 damage)
             ... on level 3 of the Dungeon.
             The game lasted 00:02:03 (1480 turns).

purpskrrrp the Shooter (Deep Elf Hunter)            Turns: 1480, Time: 00:02:04

Health: -5/20      AC:  4    Str:  8    XL:     3   Next: 69%
Magic:  5/5        EV: 12    Int: 13    God:
Gold:   108        SH:  0    Dex: 20    Spells: 2/2 levels left

rFire   . . .      SeeInvis .    a - +0 shortbow
rCold   . . .      Faith    .    (shield currently unavailable)
rNeg    . . .      Spirit   .    c - +0 leather armour
rPois   .          Reflect  .    (no helmet)
rElec   .          Harm     .    (no cloak)
rCorr   .          Rampage  .    l - +0 pair of gloves
Will    .....                    (no boots)
Stlth   ++........               (no amulet)
HPRegen 0.23/turn                (no ring)
MPRegen 0.09/turn                (no ring)

@: lethally poisoned (-5 -> -11)
A: no striking features
a: no special abilities


You were on level 3 of the Dungeon.
You visited 1 branch of the dungeon, and saw 3 of its levels.

You collected 108 gold pieces.

Inventory:

Hand Weapons
 a - a +0 shortbow (weapon)
Armour
 c - a +0 leather armour (worn)
 l - a +0 pair of gloves (worn)
Wands
 g - a wand of flame (11)
Scrolls
 b - 2 scrolls of immolation
 f - a scroll of magic mapping {unknown}
 h - 2 scrolls of noise
 i - a scroll of identify
 k - a scroll of fear {unknown}
Potions
 d - a potion of heal wounds
 e - a potion of degeneration {unknown}
 j - a potion of curing {unknown}


   Skills:
 - Level 1.5 Fighting
 + Level 7.2 Ranged Weapons
 - Level 2.4 Dodging
 - Level 1.2 Stealth


You had 2 spell levels left.
You didn't know any spells.
Your spell library was empty.

Dungeon Overview and Level Annotations

Branches:
Dungeon (3/15)

Altars:


Message History

A scorpion is nearby!
You shoot an arrow. The arrow barely misses the scorpion.
You shoot an arrow. The arrow hits the scorpion.
The scorpion is lightly wounded.
You shoot an arrow. The arrow hits the scorpion!
The scorpion is severely wounded.
You shoot an arrow. The arrow barely misses the scorpion.
You shoot an arrow.
The arrow hits the scorpion but does no damage.
The scorpion is severely wounded.
The scorpion stings you.
You are poisoned.
The scorpion poisons you!
You shoot an arrow. The arrow barely misses the scorpion.
You feel very sick. The scorpion stings you. x2
* * * LOW HITPOINT WARNING * * *
You are too injured to fight recklessly!
You are too injured to fight recklessly!
You are too injured to fight recklessly!
You are too injured to fight recklessly!
You are too injured to fight recklessly!
You are too injured to fight recklessly!
You are too injured to fight recklessly!
You are too injured to fight recklessly!
You are too injured to fight recklessly!
You are too injured to fight recklessly!
You are too injured to fight recklessly!
You are too injured to fight recklessly!
You are too injured to fight recklessly!
You are too injured to fight recklessly!
Fire: a) +0 shortbow
Press: ? - help, Shift-Dir - straight line, f/p - scorpion
Aim: a scorpion (severely wounded, 65% to hit)
You shoot an arrow. The arrow hits the scorpion.
The scorpion is almost dead.
* * * LOW HITPOINT WARNING * * *
You feel very sick. The scorpion stings you!
You die...

#. #. #. #. #. #.
######s######
.......@(...####.#
..##....>).......#
#.#.####.#######
#.#.####...>....
.......<....###
###########.# #


You could see a scorpion.

Vanquished Creatures
  An adder (D:2)
  A worm (D:2)
  A dart slug (D:1)
  7 ball pythons (D:1)
  5 bats
  4 endoplasms
  2 giant cockroaches (D:1)
  2 hobgoblins
  2 quokkas (D:1)
  3 frilled lizards
  4 goblins
  5 kobolds
  3 rats
40 creatures vanquished.

Notes
Turn   | Place    | Note
-------+----------+-------------------------------------------
     0 | D:1      | purpskrrrp the Deep Elf Hunter began the quest for the Orb.
     0 | D:1      | Reached XP level 1. HP: 12/12 MP: 3/3
   274 | D:1      | Reached skill level 6 in Ranged Weapons
   274 | D:1      | Reached XP level 2. HP: 15/16 MP: 4/4
   739 | D:1      | Reached XP level 3. HP: 20/20 MP: 5/5
  1242 | D:2      | Reached skill level 7 in Ranged Weapons
  1473 | D:3      | Noticed a scorpion
  1480 | D:3      | Slain by a scorpion

Illustrated notes

Levels and vault maps discovered:
D:1:      nicolae_arrival_washed_ashore, layout_loops_corners
D:2:      layout_rooms
D:3:      kennysheep_goblin_castle, layout_loops_ring,
          mainiacjoe_overflow_brackets,
          hellmonk_ecumenical_altar_defaced_shrine, uniq_sigmund,
          uniq_crazy_yiuf_cottage

Skill      XL: |  1  2  3 |
---------------+----------+-----
Ranged Weapons | 6 7 |  7.2
Fighting       | |  1.5
Dodging        | |  2.4
Stealth        | |  1.2

Action                   || total
-------------------------++-------
 Fire: Shortbow          ||    99
  Use: Scroll            ||     3
Armor: Leather armour    ||     3
Dodge: Dodged            ||    12

Table legend: (Time is in decaauts)
 A = Elapsed time spent in this place.
 B = Non-inter-level travel time spent in this place.
 C = Inter-level travel time spent in this place.
 D = Time resting spent in this place.
 E = Time spent auto-exploring this place.
 F = Levels seen in this place.
 G = Mean time per level.
                   A        B        C        D        E       F      G
               +--------+--------+--------+--------+--------+-----+--------+
         Total |   1501 |   1429 |     72 |    130 |   1102 |   3 |  500.3 |
       Dungeon |   1501 |   1429 |     72 |    130 |   1102 |   3 |  500.3 |
               +--------+--------+--------+--------+--------+-----+--------+

Top non-repeatable levels by time:
     D:1: 1043 daAuts
     D:2: 443 daAuts
     D:3: 14 daAuts
